 Dungeon Crawl Stone Soup version 0.20-a0-945-g3bf614a (webtiles) character file.

223 Krakonus1 the Ducker (level 6, -3/43 HPs)
             Began as an Octopode Fighter on Apr 1, 2017.
             Slain by an orc
             ... wielding a +0 trident
              (10 damage)
             ... on level 3 of the Dungeon.
             The game lasted 00:09:59 (2186 turns).

Krakonus1 the Ducker (Octopode Fighter)             Turns: 2186, Time: 00:10:00

Health: -3/43      AC:  1    Str: 20    XL:     6   Next: 0%
Magic:  6/6        EV: 13    Int: 10    God:
Gold:   238        SH:  9    Dex: 14    Spells: 5/5 levels left

rFire    . . .     SeeInvis .   a - +0 trident
rCold    . . .     Gourm    .   b - +0 shield
rNeg     . . .     Faith    .   (helmet restricted)
rPois    .         Spirit   .   h - amulet of rage
rElec    .         Reflect  .   (no ring)
rCorr    .         Harm     .   (no ring)
MR       .....                  (no ring)
Stlth    ++........             (no ring)
Regen    0.2/turn               (no ring)
MPRegen  0.1/turn               (no ring)
                                (no ring)
                                (no ring)

@: mighty
A: almost no armour, stealthy swim, amphibious, 8 rings, constrict 8, fangs 1,
camouflage 1, gelatinous body 1
a: Evoke Berserk Rage


You were on level 3 of the Dungeon.
You were very hungry.

You visited 1 branch of the dungeon, and saw 3 of its levels.

You collected 238 gold pieces.

Inventory:

Hand Weapons
 a - a +0 trident (weapon)
 j - a +0 spear of venom
Armour
 b - a +0 shield (worn)
Jewellery
 h - an amulet of rage (around mantle)
Scrolls
 f - 2 scrolls of recharging
 g - 2 scrolls of remove curse
 m - 2 scrolls of magic mapping
 o - a scroll of teleportation
Potions
 e - a potion of curing {unknown}
 i - a potion of agility
Comestibles
 d - 2 bread rations
 k - 7 fruits


   Skills:
 * Level 3.8 Fighting
 * Level 3.8 Polearms
 * Level 4.2 Dodging
 * Level 3.9 Shields


You had 5 spell levels left.
You didn't know any spells.

Dungeon Overview and Level Annotations

Branches:
Dungeon (3/15)

Altars:
Sif Muna


Innate Abilities, Weirdness & Mutations

You cannot wear most types of armour.
You are very stealthy in the water. (Stealth+)
You are amphibious.
You can wear up to eight rings at the same time.
You can use your tentacles to constrict eight enemies at once.
Your skin changes colour to match your surroundings (Stealth+).
Your rubbery body absorbs attacks. (AC +1, EV +1)
You have very sharp teeth.


Message History

The jackal barely misses you. You block the orc's attack.
The jackal barely misses you.
Okay, then.
Okay, then.
You puncture the jackal!
You kill the jackal!
You block the jackal's attack. The orc closely misses you.
The jackal bites you.
* * * LOW HITPOINT WARNING * * *
You barely miss the jackal. You grab the jackal. You constrict the jackal.
You block the jackal's attack. The orc completely misses you.
You puncture the jackal!
You kill the jackal!
You have reached level 6!
Your experience leads to an increase in your attributes!
Your base attributes are Str 15, Int 10, Dex 13.
Increase (S)trength, (I)ntelligence, or (D)exterity?
You feel agile.
The orc hits you from afar with a trident!
You die...

# ##..#..#. #.
#.....##. #.##
##..#####. ...##
#####...# #...
#..###.......#
#.##
#.##..##..### #+
# ####..........#
#...†(#.......#
.>..##@##.......#
.## #h##.......#
o.########## ..or
..... .......
........
#.........


You could see 2 orcs, a jackal and a rat.

Vanquished Creatures
  The ghost of greykev the Vandal, an amateur HaHu (D:3)
  5 adders
  A worm (D:2)
  A dart slug (D:1)
  3 leopard geckos
  3 orcs (D:3)
  8 bats
  A giant cockroach (D:1)
  2 goblins
  6 hobgoblins
  6 jackals (D:3)
  A ball python (D:3)
  2 frilled lizards
  8 kobolds
  3 rats
51 creatures vanquished.

Notes
Turn   | Place    | Note
-------+----------+-------------------------------------------
     0 | D:1      | Krakonus1 the Octopode Fighter began the quest for the Orb.
     0 | D:1      | Reached XP level 1. HP: 16/16 MP: 1/1
   236 | D:1      | Reached XP level 2. HP: 15/21 MP: 2/2
   753 | D:2      | Reached XP level 3. HP: 23/26 MP: 3/3
  1453 | D:2      | Gained mutation: You passively map a small area around you. [potion of mutation]
  1453 | D:2      | Lost mutation: You passively map a small area around you. [potion of mutation]
  1453 | D:2      | Gained mutation: You have very sharp teeth. [potion of mutation]
  1454 | D:2      | Upgraded the game from 0.20-a0-941-gba1b1f9 to 0.20-a0-945-g3bf614a
  1552 | D:3      | Reached XP level 4. HP: 24/31 MP: 4/4
  1645 | D:3      | Found a deep blue altar of Sif Muna.
  1720 | D:3      | Noticed greykev's ghost (amateur HaHu)
  1996 | D:3      | Killed greykev's ghost
  1996 | D:3      | Reached skill level 4 in Dodging
  1996 | D:3      | Reached XP level 5. HP: 16/37 MP: 5/5
  2186 | D:3      | Reached XP level 6. HP: 7/43 MP: 6/6
  2186 | D:3      | Slain by an orc

Vault maps used:
D:1:      dpeg_arrival_more_subterranean_lakeside_camping
D:3:      nicolae_overflow_crystal_walls, kennysheep_flooded_box

Skill      XL: |  1  2  3  4 |
---------------+-------------+-----
Polearms       | 3 |  3.8
Dodging        | 4 |  4.2
Fighting       | |  3.8
Shields        | |  3.9

Action                   |  1- 3 |  4- 6 || total
-------------------------+-------+-------++-------
Melee: Trident           |    43 |    23 ||    66
       Constrict         |    19 |    12 ||    31
       Tentacles         |    13 |     8 ||    21
       Spear             |    24 |    25 ||    49
       Bite              |       |     4 ||     4
  Use: Scroll            |     6 |     1 ||     7
       Potion            |     1 |     2 ||     3
 Stab: Sleeping          |    11 |     3 ||    14
  Eat: Chunk             |     2 |     1 ||     3
Armor: Skin              |     6 |     1 ||     7
Dodge: Dodged            |    14 |    34 ||    48
Block: Shield            |    19 |    23 ||    42
